 Dungeon Crawl Stone Soup version 0.25-a0-503-ge281fa673e (webtiles) character file.

Game seed: 11781999067831903659, levelgen mode: deterministic

1363 Eisoptrophobia the Gouger (level 8, -8/36 HPs)
             Began as a Felid Berserker on Feb 13, 2020.
             Was an Elder of Trog.
             Splashed by a jelly's acid (9 damage)
             ... on level 7 of the Dungeon on Feb 14, 2020.
             The game lasted 00:40:22 (8198 turns).

Eisoptrophobia the Gouger (Felid Berserker)         Turns: 8198, Time: 00:40:26

Health: -8/36      AC: -2    Str: 13    XL:     8   Next: 38%
Magic:  9/9        EV: 23    Int:  8    God:    Trog [****..]
Gold:   357        SH:  0    Dex: 18    Spells: 7/7 levels left
                                        Lives:  0   Deaths: 2

rFire    . . .     SeeInvis +     - Unarmed
rCold    + . .     Gourm    .   (shield unavailable)
rNeg     . . .     Faith    .   (armour unavailable)
rPois    .         Spirit   .   (helmet unavailable)
rElec    .         Reflect  .   (cloak unavailable)
rCorr    .         Harm     .   (gloves unavailable)
MR       +....     Rnd*Tele +   (boots unavailable)
Stlth    ++++......             (no amulet)
HPRegen  0.12/turn              q - ring of protection from cold
MPRegen  0.11/turn              s - ring of teleportation (curse)

@: corroded, quick
A: very small, no armour, no weapons or thrown items, stealth, claws 1, fangs 3,
see invisible, carnivore, speed 1, shaggy fur 2, slow metabolism 1, sharp paws
a: Berserk, Trog's Hand, Brothers in Arms, Renounce Religion


You were on level 7 of the Dungeon.
You worshipped Trog.
Trog was greatly pleased with you.
You were completely stuffed.

You visited 1 branch of the dungeon, and saw 7 of its levels.

You collected 357 gold pieces.

Inventory:

Hand Weapons
 k - a +0 dagger
Jewellery
 l - an uncursed ring of fire
 q - a ring of protection from cold (left paw)
 r - an uncursed ring of fire
 s - a cursed ring of teleportation (right paw)
 u - an uncursed ring of poison resistance
 x - an uncursed amulet of magic regeneration {unknown}
 A - an uncursed ring of protection from fire {unknown}
 H - an uncursed ring of fire
Wands
 C - a wand of enslavement (9)
 G - a wand of random effects (26)
Scrolls
 c - a scroll of identify
 e - 2 scrolls of enchant weapon
 j - 2 scrolls of blinking
 m - 4 scrolls of teleportation
 t - 2 scrolls of fog
 v - a scroll of amnesia
 y - 2 scrolls of remove curse {unknown}
 B - a scroll of magic mapping {unknown}
 D - a scroll of random uselessness {unknown}
 E - a scroll of silence {unknown}
 F - a scroll of immolation {unknown}
Potions
 b - a potion of heal wounds
 d - a potion of cancellation {unknown}
 f - a potion of degeneration {unknown}
 g - a potion of mutation {unknown}
 h - a potion of might {unknown}
 i - 2 potions of lignification
 n - a potion of resistance
 o - a potion of berserk rage {unknown}
 p - a potion of haste {unknown}
 z - a potion of curing {unknown}
Comestibles
 a - 9 rations
 w - a chunk of flesh


   Skills:
 + Level 4.4 Fighting
 + Level 7.5 Dodging
 + Level 7.1 Stealth
 + Level 9.1 Unarmed Combat


You had 7 spell levels left.
You didn't know any spells.
Your spell library contained the following spells:

 Spells                   Type           Power        Failure   Level  Hunger
 Animate Skeleton         Necr           N/A          41%         1    ##.....
 Apportation              Tloc           #.....       41%         1    ##.....
 Corona                   Hex            #......      41%         1    ##.....
 Summon Small Mammal      Summ           #...         41%         1    ##.....


Dungeon Overview and Level Annotations

Branches:
Dungeon (7/15)             Temple (0/1) D:4

Altars:
Cheibriados
Elyvilon
Fedhas
Gozag
Ru
Yredelemnul


Innate Abilities, Weirdness & Mutations

You cannot wear armour.
You are incapable of wielding weapons or throwing items.
Your paws allow you to move quietly. (Stealth)
You have sharp claws.
You have razor-sharp teeth.
You have supernaturally acute eyesight. (SInv)
You are carnivorous and can eat meat at any time.
You cover ground quickly.
You are covered in thick fur. (AC +2)
You have a slow metabolism.
Your sharp claws are effective at attacking unaware monsters.


Message History

The jelly misses you. The adder barely misses you.
You barely miss the adder.
The adder is severely wounded.
The jelly barely misses you. The adder bites you.
You claw the adder!
You kill the adder!
Trog accepts your kill. The jelly hits you.
You are splashed with acid!
You claw the jelly!
Your paws burn!
* * * LOW HITPOINT WARNING * * *
Your bite misses the jelly.
The jelly is almost dead.
The jelly closely misses you.
You scratch the jelly.
Your paws burn!
* * * LOW HITPOINT WARNING * * *
The jelly is almost dead.
The jelly hits you.
* * * LOW HITPOINT WARNING * * *
The acid corrodes you!
You are splashed with acid!
You die...

#.# #.#
#######.###.#
..........#.#
####........#
.####.##.#.###
.......#...###
#........>.###
#...)$.......#
#..$J@##.#.#.#
#....## %#.# #
#..## .# #
..... .# .###


You could see a jelly.

Vanquished Creatures
  A sky beast (D:5)
  3 ogres
  An ice beast (D:5)
  2 centaurs
  2 bullfrogs
  A scorpion (D:5)
  The ghost of Killmatronix the Conjurer, a weakling DDCj (D:3)
  6 howler monkeys
  A crimson imp (D:6)
  A jelly (D:6)
  4 hounds
  4 iguanas
  3 orc wizards
  Crazy Yiuf (D:4)
  Jessica (D:2)
  2 worker ants (D:4)
  A hound zombie (D:5)
  A worker ant zombie (D:6)
  A gnoll (D:1)
  12 adders
  A hound simulacrum (D:3)
  5 shadow imps
  An ooze (D:1)
  3 worms
  2 dart slugs
  2 adder simulacra (D:3)
  6 leopard geckos
  25 orcs
  A ball python (D:6)
  12 giant cockroaches
  9 goblins
  5 hobgoblins
  7 kobolds
  2 quokkas
  15 bats
  7 frilled lizards
  A giant cockroach zombie (D:5)
  A leopard gecko simulacrum (D:3)
  A leopard gecko zombie (D:6)
  A quokka simulacrum (D:3)
  2 quokka skeletons
  8 rats
  10 fungi
  3 plants (D:5)
179 creatures vanquished.

Vanquished Creatures (others)
  6 fungi (D:5)
  2 plants (D:5)
8 creatures vanquished.

Grand Total: 187 creatures vanquished

Notes
Turn   | Place    | Note
-------+----------+-------------------------------------------
     0 | D:1      | Eisoptrophobia the Felid Berserker began the quest for the
                  | Orb.
     0 | D:1      | Reached XP level 1. HP: 10/10 MP: 2/2
   350 | D:1      | Reached XP level 2. HP: 14/14 MP: 3/3
   760 | D:1      | Reached XP level 3. HP: 14/18 MP: 4/4
  1479 | D:2      | Noticed Jessica
  1497 | D:2      | Killed Jessica
  1497 | D:2      | Reached XP level 4. HP: 19/22 MP: 5/5
  1555 | D:2      | Reached ** piety under Trog
  1661 | D:2      | Reached skill level 1 in Stealth
  1661 | D:2      | Reached skill level 4 in Unarmed Combat
  1816 | D:2      | HP: 1/22 [worm (9)]
  2226 | D:2      | Reached XP level 5. HP: 25/25 MP: 6/6
  2745 | D:3      | Found a runed translucent gate.
  2745 | D:3      | Found a runed translucent gate.
  2745 | D:3      | Found a runed translucent gate.
  3240 | D:3      | Noticed Killmatronix's ghost (weakling DDCj)
  3653 | D:3      | Found a white marble altar of Elyvilon.
  3874 | D:3      | Reached *** piety under Trog
  3956 | D:3      | Killed Killmatronix's ghost
  3956 | D:3      | Reached skill level 5 in Dodging
  3956 | D:3      | Reached skill level 5 in Unarmed Combat
  4518 | D:4      | Found a staircase to the Ecumenical Temple.
  4527 | D:4      | Gained mutation: You are covered in thick fur. (AC +2)
                  | [Felid growth]
  4527 | D:4      | Reached XP level 6. HP: 28/28 MP: 7/7
  4752 | D:4      | Killed from afar by an orc wizard
  4753 | D:4      | Reached XP level 5. HP: -3/25 MP: 6/6
  4896 | D:4      | Reached XP level 6. HP: 6/28 MP: 7/7
  5442 | D:4      | Found a runed translucent door.
  5443 | D:4      | Noticed Crazy Yiuf
  5450 | D:4      | Killed Crazy Yiuf
  5450 | D:4      | Reached skill level 6 in Unarmed Combat
  5649 | D:5      | Entered Level 5 of the Dungeon
  5680 | D:5      | Noticed an ice beast
  5693 | D:5      | Killed an ice beast
  5750 | D:5      | Reached XP level 7. HP: 32/32 MP: 8/8
  5778 | D:5      | Reached skill level 7 in Unarmed Combat
  5916 | D:5      | Found a blossoming altar of Fedhas.
  5951 | D:5      | Slain by an ogre
  5952 | D:5      | Reached XP level 6. HP: -4/29 MP: 7/7
  6006 | D:5      | Reached skill level 5 in Stealth
  6018 | D:5      | Reached XP level 7. HP: 31/33 MP: 8/8
  6581 | D:6      | Reached **** piety under Trog
  6594 | D:6      | Reached skill level 8 in Unarmed Combat
  7052 | D:6      | Reached XP level 8. HP: 36/36 MP: 9/9
  7357 | D:6      | Found a basalt altar of Yredelemnul.
  7357 | D:6      | Found a sacrificial altar of Ru.
  7499 | D:6      | Found an opulent altar of Gozag.
  7924 | D:6      | Found a snail-covered altar of Cheibriados.
  8132 | D:7      | Reached skill level 9 in Unarmed Combat
  8198 | D:7      | HP: 1/36 [jelly (3)]
  8198 | D:7      | Splashed by a jelly's acid

Levels and vault maps discovered:
D:1:      sevenhm_arrival_forest_fort_large_2, layout_basic, serial_rivers,
          chequers_serial_rivers_large_a, chequers_serial_rivers_micro_b,
          chequers_serial_rivers_micro_b, chequers_serial_rivers_micro_a,
          chequers_serial_rivers_small_3
D:2:      minmay_angry_zag, layout_loops_ring, uniq_jessica
D:3:      layout_rooms, lemuel_round_altar, gammafunk_ghost_icy
D:4:      layout_cave_pools, minmay_temple_entry_arrows, first_ration,
          uniq_crazy_yiuf_cottage
D:5:      layout_rooms, fedhas_altar_3
D:6:      layout_layer_cave, amethyst_overflow_temple_binary,
          lemuel_round_altar, nicolae_gozag_cash_rules_everything_around_me
D:7:      layout_loops_ring

Skill      XL: |  1  2  3  4  5  6  7  8 |
---------------+-------------------------+-----
Fighting       | 4 |  4.4
Stealth        | 1 2 5 6 7 |  7.1
Unarmed Combat | 4 5 6 8 9 |  9.1
Dodging        | 5 6 7 |  7.5

Action                   |  1- 3 |  4- 6 |  7- 9 || total
-------------------------+-------+-------+-------++-------
Melee: Unarmed           |    72 |   286 |   194 ||   552
       Bite              |     3 |    24 |    38 ||    65
       Punch             |       |     8 |    11 ||    19
Invok: Berserk           |       |     2 |     1 ||     3
       Trog's Hand       |       |     3 |       ||     3
  Use: Scroll            |       |     7 |       ||     7
       Potion            |       |     1 |       ||     1
 Stab: Sleeping          |       |    14 |    13 ||    27
       Distracted        |       |     2 |       ||     2
  Eat: Chunk             |     8 |    16 |    12 ||    36
Armor: Skin              |     2 |     9 |     2 ||    13
Dodge: Dodged            |    49 |   252 |   112 ||   413

Table legend:
 A = Non-vault XP
 B = Vault XP
 C = Vault XP percentage of total XP
 D = Non-vault monster count
 E = Vault monster count
 F = Vault count percentage of total count
                 A         B        C        D         E       F
            +---------+---------+-------+---------+---------+-------
      Total |    2500 |     183 |   6.8 |     154 |      12 |   7.2
            +---------+---------+-------+---------+---------+-------
        D:1 |      55 |       0 |   0.0 |      23 |       0 |   0.0
        D:2 |     123 |      60 |  32.8 |      39 |       5 |  11.4
        D:3 |      35 |      84 |  70.6 |      14 |       6 |  30.0
        D:4 |     296 |      39 |  11.6 |      22 |       1 |   4.3
        D:5 |    1007 |       0 |   0.0 |      22 |       0 |   0.0
        D:6 |     606 |       0 |   0.0 |      28 |       0 |   0.0
        D:7 |     378 |       0 |   0.0 |       6 |       0 |   0.0
            +---------+---------+-------+---------+---------+-------
